 Dungeon Crawl Stone Soup version 0.28.0-53-g5a82cb258f (webtiles) character file.

Game seed: 8858359348245888456

7643 Plasmagod the Basher (level 9, -1/57 HPs)
             Began as a Gargoyle Fighter on July 15, 2022.
             Was a High Priest of Ru.
             Slain by a shadow (23 damage)
             ... on level 10 of the Dungeon.
             The game lasted 00:39:09 (12310 turns).

Plasmagod the Basher (Gargoyle Fighter)            Turns: 12310, Time: 00:39:09

Health: -1/57      AC: 19    Str: 23    XL:     9   Next: 18%
Magic:  9/9        EV: 11    Int: 10    God:    Ru [*****.]
Gold:   405        SH:  5    Dex: 11    Spells: 8/8 levels left

rFire   . . .      SeeInvis .   l - +2 rapier of the Brain {drain, +Blink Will+ Str+2}
rCold   + . .      Faith    .   c - +0 buckler
rNeg    + . .      Spirit   .   y - +1 scale mail {Will+}
rPois   ∞          Reflect  .   (no helmet)
rElec   +          Harm     .   d - +0 cloak
rCorr   .          Rampage  .   e - +0 pair of gloves
Will    ++...                   r - +0 pair of boots
Stlth   ..........              (no amulet)
HPRegen 0.19/turn               q - ring of protection from cold
MPRegen 0.11/turn               (no ring)

@: unable to drink
A: sickness immunity, AC +6, negative energy resistance 1, electricity
resistance, torment resistance 1, petrification resistance, inability to drink
while threatened, inability to use devices, inexperienced 1
a: Renounce Religion, Draw Out Power, Power Leap, Apocalypse


You were on level 10 of the Dungeon.
You worshipped Ru.
Ru was extremely pleased with you.
You visited 2 branches of the dungeon, and saw 11 of its levels.

You collected 555 gold pieces.
You spent 150 gold pieces at shops.

Inventory:

Hand Weapons
 a - a +0 flail of electrocution
 k - a +2 whip of draining
 l - the +2 rapier of the Brain (weapon) {drain, +Blink Will+ Str+2}
   (You found it on level 9 of the Dungeon)

   A truly terrible weapon, it drains the life of any living foe it strikes.
   Str:       It affects your strength (+2).
   +Blink:    It lets you blink.
   Will:      It increases your willpower.
 D - a +4 spear of freezing
Missiles
 g - 3 throwing nets (quivered)
Armour
 c - a +0 buckler (worn)
 d - a +0 cloak (worn)
 e - a +0 pair of gloves (worn)
 r - a +0 pair of boots (worn)
 w - +0 fire dragon scales
 y - a +1 scale mail of willpower (worn)
Jewellery
 q - a ring of protection from cold (left hand)
 C - a ring of fire
 I - a ring of magical power
 J - a ring of fire
 L - a ring of flight
Scrolls
 b - a scroll of identify
 i - 2 scrolls of immolation
 n - 2 scrolls of enchant armour
 o - a scroll of fog {unknown}
 p - a scroll of magic mapping
 s - 3 scrolls of amnesia
 v - 2 scrolls of teleportation
 A - 3 scrolls of enchant weapon
 G - a scroll of fear
Potions
 f - a potion of curing
 h - 2 potions of mutation
 j - 2 potions of cancellation
 m - 2 potions of attraction
 t - a potion of might
 u - a potion of lignification
 z - 2 potions of flight {unknown}
 E - 2 potions of ambrosia {unknown}
 F - 2 potions of brilliance
 H - a potion of resistance {unknown}
 M - a potion of haste {unknown}


   Skills:
 + Level 7.1 Fighting
 * Level 2.0 Short Blades
 - Level 9.0 Maces & Flails
 - Level 6.7 Polearms
 + Level 8.0 Armour
 * Level 5.9 Dodging
 + Level 2.0 Stealth
 + Level 5.4 Shields
 + Level 1.2 Unarmed Combat


You had 8 spell levels left.
You didn't know any spells.
Your spell library contained the following spells:

 Spells                   Type           Power      Damage    Failure   Level
 Foxfire                  Conj/Fire      0%         2x1d4     73%         1
 Conjure Flame            Conj/Fire      0%         6-21      97%         3
 Inner Flame              Hex/Fire       0%         N/A       97%         3
 Summon Guardian Golem    Hex/Summ       0%         N/A       97%         3
 Cause Fear               Hex            0%         N/A       100%        4
 Flame Wave               Conj/Fire      0%         2d4       100%        4
 Dragon Form              Tmut           0%         N/A       100%        7
 Orb of Destruction       Conj           0%         9d5       100%        7
 Spellforged Servitor     Conj/Summ      0%         N/A       100%        7
 Dragon's Call            Summ           0%         N/A       100%        9


Dungeon Overview and Level Annotations

Branches:
Dungeon (10/15)            Temple (1/1) D:4             Orc (0/2) D:9
   Lair: D:8-11

Altars:
Ashenzari
Dithmenos
Elyvilon
Fedhas
Gozag
Hepliaklqana
Kikubaaqudgha
Makhleb
Nemelex Xobeh
Okawaru
Qazlal
Ru
Sif Muna
Trog
Vehumet
Wu Jian
Xom
Yredelemnul
The Shining One

Shops:
D:5 ?

Annotations:
D:10 Erolcha


Innate Abilities, Weirdness & Mutations

You are immune to sickness and miasma.
Your stone body is resilient. (AC +6)
You are immune to poison.
You resist negative energy. (rN+)
You are resistant to electric shocks. (rElec)
You are resistant to unholy torment.
You are immune to petrification.
You sometimes lose the ability to drink potions when taking damage.
You cannot study or use magical devices.
You are somewhat inexperienced. (-2 XL)


Message History

The wyvern is moderately wounded.
The wyvern is stunned by your conviction and fails to attack.
A shadow comes into view.
You puncture the wyvern! You drain the wyvern.
The wyvern is almost dead.
The wyvern bites you but does no damage.
The wyvern is stunned by your conviction and fails to attack.
You hit the wyvern but do no damage. You drain the wyvern.
The wyvern is almost dead.
The wyvern barely misses you.
The wyvern bites you but does no damage.
You barely miss the wyvern.
The wyvern is almost dead.
The wyvern completely misses you.
You hear some strange, mumbled words.
You hit the wyvern but do no damage.
The wyvern is almost dead.
The wyvern closely misses you.
You hear some strange, mumbled words.
Something tries to affect you, but you resist.
The wyvern misses you.
You barely miss the wyvern.
The wyvern is almost dead.
You block the wyvern's attack. Something hits you but does no damage.
The wyvern bites you but does no damage.
Something hits you!
You puncture the wyvern!
You kill the wyvern!
Something hits you but does no damage.
Your Short Blades skill increases to level 2!
You barely miss the shadow. Something hits you!!
You feel threatened and lose the ability to drink potions!
The shadow hits you.
You hit the shadow but do no damage.
You redirect something's attack!
The shadow slips into darkness.
The shadow flickers and vanishes!
You closely miss something. Something completely misses you.
The shadow strikes at you from the darkness!
You die...

..... #.#.# #.#.#
###.#.#
###.#.#.######
#..#.........#
.#######.###.#.......
........## ##{# ##.
########^###.@####..#
#..#.........#
#......####..#
#.#.#.........
#.......... .#
#...#..#####.#
###..........##
#.##.###....
#.##.##...######


There were no monsters in sight!

Vanquished Creatures
  Harold (D:8)
  A two-headed ogre (D:8)
  Pikel (D:5)
  Grinder (D:3)
  2 hornets
  2 wyverns
  Eustachio (D:4)
  Grum (D:5)
  3 yaks (D:9)
  2 steam dragons
  2 water moccasins (D:6)
  3 orc warriors
  7 ice beasts
  2 hornet zombies
  A black bear (D:6)
  2 sky beasts (D:7)
  An ogre (D:2)
  A wolf (D:5)
  A phantom (D:4)
  5 kobold brigands
  3 gnoll sergeants (D:5)
  A bullfrog (D:8)
  4 scorpions
  A water moccasin skeleton (D:4)
  2 centaur zombies (D:9)
  16 hounds
  Crazy Yiuf (D:2)
  2 jellies (D:6)
  2 orc priests
  A gnoll shaman (D:5)
  A centaur skeleton (D:7)
  Ijyb (D:3)
  Natasha (thrice) (D:2)
  4 iguanas
  A scorpion zombie (D:4)
  6 hell rats (D:7)
  2 hound zombies (D:4)
  3 hound skeletons (D:4)
  A howler monkey zombie (D:5)
  17 gnolls
  2 howler monkey skeletons
  9 adders
  5 river rats (D:7)
  2 shadow imps
  2 worms
  3 dart slugs
  27 orcs
  7 endoplasms
  2 giant cockroaches
  7 goblins
  2 hobgoblins
  6 jackals
  9 quokkas
  5 ball pythons
  4 bats
  13 frilled lizards
  23 kobolds
  18 rats
258 creatures vanquished.

Vanquished Creatures (others)
  A centaur zombie (D:9)
  A kobold (D:9)
  4 fungi (D:10)
  15 plants
  A withered plant (D:4)
22 creatures vanquished.

Grand Total: 280 creatures vanquished

Notes
Turn   | Place    | Note
-------+----------+-------------------------------------------
     0 | D:1      | Plasmagod the Gargoyle Fighter began the quest for the Orb.
     0 | D:1      | Reached XP level 1. HP: 14/14 MP: 1/1
   211 | D:1      | Reached XP level 2. HP: 19/19 MP: 2/2
   625 | D:1      | Reached XP level 3. HP: 23/23 MP: 3/3
  1067 | D:2      | Reached XP level 4. HP: 27/29 MP: 4/4
  1106 | D:2      | Noticed Natasha
  1110 | D:2      | Reached skill level 3 in Maces & Flails
  1114 | D:2      | Killed Natasha
  1170 | D:2      | Noticed an ogre
  1176 | D:2      | Killed an ogre
  1177 | D:2      | Reached skill level 4 in Maces & Flails
  1177 | D:2      | Reached XP level 5. HP: 33/33 MP: 5/5
  1244 | D:2      | Noticed Natasha
  1251 | D:2      | Killed Natasha
  1252 | D:2      | Reached skill level 1 in Stealth
  1394 | D:2      | Found a runed translucent door.
  1395 | D:2      | Noticed Crazy Yiuf
  1407 | D:2      | Killed Crazy Yiuf
  1408 | D:2      | Reached XP level 6. HP: 36/38 MP: 6/6
  1545 | D:2      | Noticed Natasha
  1553 | D:2      | Killed Natasha
  1646 | D:3      | Noticed Grinder
  1648 | D:3      | Paralysed by Grinder for 4 turns
  1675 | D:3      | Paralysed by Grinder for 7 turns
  1691 | D:3      | Killed Grinder
  1692 | D:3      | Reached skill level 5 in Maces & Flails
  1692 | D:3      | Reached skill level 1 in Dodging
  1692 | D:3      | Reached skill level 1 in Unarmed Combat
  1692 | D:3      | Reached XP level 7. HP: 8/44 MP: 7/7
  2278 | D:3      | Noticed Ijyb
  2289 | D:3      | Killed Ijyb
  2388 | D:3      | Reached skill level 5 in Armour
  2614 | D:3      | Found a faded altar of an unknown god.
  2850 | D:4      | Found a glowing golden altar of the Shining One.
  3087 | D:4      | Noticed Eustachio
  3142 | D:4      | Killed Eustachio
  3143 | D:4      | Reached XP level 8. HP: 27/48 MP: 8/8
  3207 | D:4      | Reached skill level 6 in Maces & Flails
  3405 | D:4      | Found a staircase to the Ecumenical Temple.
  3427 | Temple   | Entered the Ecumenical Temple
  3455 | Temple   | Became a worshipper of Ru the Awakened
  3898 | D:5      | Entered Level 5 of the Dungeon
  3915 | D:5      | Reached skill level 5 in Fighting
  4151 | D:5      | Noticed Grum
  4178 | D:5      | Killed Grum
  4179 | D:5      | Reached skill level 7 in Maces & Flails
  4248 | D:5      | Noticed a shadow
  4249 | D:5      | Found a shadowy altar of Dithmenos.
  4250 | D:5      | Found a hazy altar of Hepliaklqana.
  4352 | D:5      | Reached XP level 9. HP: 35/54 MP: 9/9
  4628 | D:5      | Found Daguyli's Magic Scroll Boutique.
  4639 | D:5      | Bought a scroll of enchant weapon for 75 gold pieces
  4639 | D:5      | Bought a scroll of enchant armour for 75 gold pieces
  4644 | D:5      | Gained mutation: You are somewhat inexperienced. (-2 XL)
                  | [Ru sacrifice]
  4644 | D:5      | Reached XP level 8. HP: 50/50 MP: 8/8
  4644 | D:5      | Reached XP level 7. HP: 44/44 MP: 7/7
  4644 | D:5      | Reached * piety under Ru
  4644 | D:5      | Reached ** piety under Ru
  4714 | D:5      | Noticed Pikel
  4750 | D:5      | Killed Pikel
  4751 | D:5      | Reached skill level 8 in Maces & Flails
  5555 | D:5      | Reached skill level 9 in Maces & Flails
  5555 | D:5      | Reached skill level 1 in Polearms
  5939 | D:6      | Reached XP level 8. HP: 42/51 MP: 8/8
  6711 | D:7      | Reached skill level 5 in Dodging
  7712 | D:7      | Reached skill level 5 in Shields
  8098 | D:7      | Gained mutation: You cannot study or use magical devices.
                  | [Ru sacrifice]
  8098 | D:7      | Reached *** piety under Ru
  8098 | D:7      | Reached **** piety under Ru
  9197 | D:8      | Noticed a two-headed ogre
  9209 | D:8      | Killed a two-headed ogre
  9210 | D:8      | Reached skill level 5 in Polearms
  9467 | D:8      | Noticed Harold
  9497 | D:8      | Killed Harold
 10090 | D:8      | Found a shimmering blue altar of Sif Muna.
 10092 | D:8      | Found a burning altar of Makhleb.
 10193 | D:8      | Reached XP level 9. HP: 55/56 MP: 9/9
 10707 | D:9      | Found an ornate altar of the Wu Jian Council.
 10715 | D:9      | Found a staircase to the Orcish Mines.
 11099 | D:9      | Gained mutation: You sometimes lose the ability to drink
                  | potions when taking damage. [Ru sacrifice]
 11099 | D:9      | Reached ***** piety under Ru
 11117 | D:9      | Identified the +2 rapier of the Brain {drain, +Blink Will+
                  | Str+2}
 11197 | D:9      | Found a radiant altar of Vehumet.
 11475 | D:9      | Reached skill level 1 in Short Blades
 12264 | D:10     | Entered Level 10 of the Dungeon
 12294 | D:10     | Noticed Erolcha
 12310 | D:10     | Slain by a shadow

Illustrated notes

Levels and vault maps discovered:
D:1:      eino_arrival_water_cross, layout_basic
D:2:      layout_rooms, minmay_lizard_king, uniq_natasha,
          uniq_crazy_yiuf_cottage
D:3:      layout_basic, hellmonk_ecumenical_altar_heavens_door, uniq_ijyb,
          uniq_grinder
D:4:      layout_basic, mainiacjoe_overflow_24_doors, minmay_temple_entry_ruins,
          serial_undead, serial_undead_f, serial_undead_e, serial_undead_b,
          serial_undead_a, uniq_eustachio
D:5:      layout_cave_pools, riverfiend_overflow_shadow_ancestor,
          serial_gnoll_camp, gnoll_camp_mini_loothouse, gnoll_camp_huts_basic,
          gnoll_camp_mini_doghouse, gnoll_camp_mini_hut, gnoll_camp_mini_shop,
          grums_kennel, feat_on_display, uniq_pikel
D:6:      layout_basic, chequers_serial_rivers_large_b, kennysheep_nub,
          hangedman_abyss_or_decor_stabs
D:7:      lemuel_ratsnest, layout_basic
D:8:      layout_layer_cave, minitemple, uniq_harold
D:9:      layout_irregular_city, nzn_wu_jian_contemplation,
          mainiacjoe_overflow_chevrons, david_orc_2
D:10:     layout_loops_ring, minmay_lair_entry_grove, serial_shops,
          nicolae_shop_hallway_stairs, uniq_erolcha
Temple:   eino_wide_crystal_templ

Skill      XL: |  1  2  3  4  5  6  7  8  9 |
---------------+----------------------------+-----
Armour         | 4 6 7 8 |  8.0
Maces & Flails | 4 5 9 7 |  9.0
Fighting       | 4 6 5 7 |  7.1
Stealth        | 1 2 |  2.0
Dodging        | 1 4 5 |  5.9
Unarmed Combat | 1 |  1.2
Shields        | 4 5 |  5.4
Polearms       | 2 6 |  6.7
Short Blades   | 2 |  2.0

Action                   |  1- 3 |  4- 6 |  7- 9 || total
-------------------------+-------+-------+-------++-------
Melee: Flail             |    55 |       |       ||    55
       Whip              |    23 |    42 |   507 ||   572
       Unarmed           |       |    25 |       ||    25
       Spear             |       |       |   584 ||   584
       Rapier            |       |       |    94 ||    94
Invok: Sacrifice Experie |       |       |     1 ||     1
       Sacrifice Artific |       |       |     1 ||     1
       Sacrifice Drink   |       |       |     1 ||     1
  Use: Scroll            |       |     3 |    14 ||    17
       Potion            |       |       |     4 ||     4
 Stab: Invisible         |       |     1 |     1 ||     2
       Distracted        |       |       |     1 ||     1
Armor: Scale mail        |    33 |    15 |   419 ||   467
       Skin              |       |     4 |       ||     4
Dodge: Dodged            |    34 |    27 |   447 ||   508
Block: Buckler           |    15 |     4 |   167 ||   186
